PINL
FARGO BREWMASTERS @ GREAT FALLS VOYAGERS
08/15/1982
 
TOP OF THE 1ST
Fargo Brewmasters batting - Pitching for Great Falls Voyagers : LHP Paul Cherry
Pitching: LHP Paul Cherry
Batting: SHB Angel Escobar 0-0: Called Strike
0-1: Swinging Strike
0-2: Ball
1-2: Fly out, F7 (Flyball, 78M, EV 88.8 MPH)
Batting: LHB Victor Fernandez 0-0: Called Strike
0-1: Called Strike
0-2: Foul Ball, location: 2F
0-2: SINGLE (Groundball, 56S, EV 63.8 MPH) (infield hit)
Batting: RHB Forace Oxendine 0-0: Ball
1-0: Called Strike
1-1: Ball
2-1: Ball
3-1: Foul Ball, location: 2F
3-2: SINGLE (Line Drive, 3D, EV 101.3 MPH)
Victor Fernandez to second
Batting: RHB Dick E Scott 0-0: Fielders Choice at 2nd, 3-6 (Groundball, 34S, EV 81.3 MPH)
Victor Fernandez to third
Batting: RHB Gus Polidor 0-0: Ground out 4-3 (Groundball, 34D, EV 84.4 MPH)
Top of the 1st over - 0 runs, 2 hits, 0 errors, 2 left on base; Fargo 0 - Great Falls 0
BOTTOM OF THE 1ST
Great Falls Voyagers batting - Pitching for Fargo Brewmasters : RHP Carlos Zuniga
Pitching: RHP Carlos Zuniga
Batting: LHB Jose Fernandez 0-0: Ball
1-0: DOUBLE (Line Drive, 89D, EV 103.1 MPH)
Batting: LHB Juan Villaescusa 0-0: Called Strike
0-1: Ball
1-1: SINGLE (Line Drive, 89M, EV 90.6 MPH)
Jose Fernandez to third
Batting: RHB Johnny Paredes 0-0: Ball
1-0: Ball
2-0: Called Strike
2-1: SINGLE (Groundball, 5D, EV 93.8 MPH)
Jose Fernandez scores
Juan Villaescusa to second
Batting: RHB Jose Gomez 0-0: Ball
1-0: Foul Ball, location: 2F
1-1: Foul Ball, location: 2F
1-2: 3-RUN HOME RUN (Flyball, 7LD, EV 88.8 MPH), Distance : 356 ft
Batting: SHB John Kanter 0-0: Ball
1-0: Ball
2-0: Ball
3-0: Base on Balls
Batting: SHB Gerald Young 0-0: Called Strike
0-1: SINGLE (Groundball, 6MD, EV 95.0 MPH)
John Kanter to second
Runner from 2nd tries for 3rd, SAFE, no throw by CF
Batting: LHB John Yari 0-0: Called Strike
0-1: Ball
1-1: Fielders Choice at 2nd, 4-6 (Groundball, 4, EV 81.9 MPH)
John Kanter scores
Batting: RHB Anthony Notaroberto 0-0: Called Strike
0-1: Ball
1-1: Ball
2-1: SINGLE (Line Drive, 3, EV 68.8 MPH) (infield hit)
John Yari to second
Batting: RHB Harvey Wilkerson 0-0: Ball
1-0: Called Strike
1-1: Swinging Strike
1-2: Foul Ball, location: 2F
1-2: Ball
2-2: Strikes out swinging
Batting: LHB Jose Fernandez 0-0: Ball
1-0: Foul Ball, location: 2F
1-1: Ground out U3 (Groundball, 3L, EV 85.6 MPH)
Bottom of the 1st over - 5 runs, 6 hits, 0 errors, 2 left on base; Fargo 0 - Great Falls 5
TOP OF THE 2ND
Fargo Brewmasters batting - Pitching for Great Falls Voyagers : LHP Paul Cherry
Batting: RHB Juan Picart 0-0: Foul Ball, location: 2F
0-1: Ball
1-1: Fly out, F7 (Line Drive, 7D, EV 89.4 MPH)
Batting: SHB Elton Hooker 0-0: Ball
1-0: Foul Ball, location: 2F
1-1: Ball
2-1: Swinging Strike
2-2: Ball
3-2: Strikes out swinging
Batting: RHB Adolph Crump 0-0: Foul Ball, location: 2F
0-1: SOLO HOME RUN (Flyball, 7D, EV 103.8 MPH), Distance : 376 ft
Batting: RHB Randall Thorpe 0-0: Fly out, F2 (Popup, 2L, EV 96.3 MPH)
Top of the 2nd over - 1 run, 1 hit, 0 errors, 0 left on base; Fargo 1 - Great Falls 5
BOTTOM OF THE 2ND
Great Falls Voyagers batting - Pitching for Fargo Brewmasters : RHP Carlos Zuniga
Batting: LHB Juan Villaescusa 0-0: Called Strike
0-1: Ball
1-1: Foul Ball, location: 2F
1-2: Ground out U3 (Groundball, 3, EV 102.5 MPH)
Batting: RHB Johnny Paredes 0-0: Ground out 5-3 (Groundball, 56, EV 103.1 MPH)
Batting: RHB Jose Gomez 0-0: Called Strike
0-1: Fly out, F8 (Line Drive, 8RM, EV 99.4 MPH)
Bottom of the 2nd over - 0 runs, 0 hits, 0 errors, 0 left on base; Fargo 1 - Great Falls 5
TOP OF THE 3RD
Fargo Brewmasters batting - Pitching for Great Falls Voyagers : LHP Paul Cherry
Batting: SHB Angel Escobar 0-0: Called Strike
0-1: Ball
1-1: Foul Ball, location: 2F
1-2: Ball
2-2: Foul Ball, location: 2F
2-2: Ground out U3 (Groundball, 34S, EV 88.1 MPH)
Batting: LHB Victor Fernandez 0-0: Called Strike
0-1: Ground out 6-3 (Groundball, 6S, EV 79.4 MPH)
Batting: RHB Forace Oxendine 0-0: Ball
1-0: Ball
2-0: Called Strike
2-1: Called Strike
2-2: DOUBLE (Line Drive, 7LS, EV 106.9 MPH)
Batting: RHB Dick E Scott 0-0: Ball
1-0: Ground out 4-3 (Groundball, 4, EV 91.9 MPH)
Top of the 3rd over - 0 runs, 1 hit, 0 errors, 1 left on base; Fargo 1 - Great Falls 5
BOTTOM OF THE 3RD
Great Falls Voyagers batting - Pitching for Fargo Brewmasters : RHP Carlos Zuniga
Batting: SHB John Kanter 0-0: Ball
1-0: SINGLE (Groundball, 56D, EV 105.0 MPH) (infield hit)
Batting: SHB Gerald Young 0-0: Ball
1-0: Called Strike
1-1: Fly out, F8 (Line Drive, 8LM, EV 105.0 MPH)
Batting: LHB John Yari 0-0: Called Strike
0-1: Ball
1-1: Grounds into double play, 4-6-3 (Groundball, 34, EV 97.5 MPH)
Bottom of the 3rd over - 0 runs, 1 hit, 0 errors, 0 left on base; Fargo 1 - Great Falls 5
TOP OF THE 4TH
Fargo Brewmasters batting - Pitching for Great Falls Voyagers : LHP Paul Cherry
Batting: RHB Gus Polidor 0-0: Ball
1-0: Foul Ball, location: 2F
1-1: Foul Ball, location: 2F
1-2: Ground out U3 (Groundball, 3L, EV 76.9 MPH)
Batting: RHB Juan Picart 0-0: Called Strike
0-1: Ball
1-1: Ball
2-1: Ground out 6-3 (Groundball, 6, EV 84.4 MPH)
Batting: SHB Elton Hooker 0-0: Called Strike
0-1: Ball
1-1: Ground out 6-3 (Groundball, 6S, EV 66.3 MPH)
Top of the 4th over - 0 runs, 0 hits, 0 errors, 0 left on base; Fargo 1 - Great Falls 5
BOTTOM OF THE 4TH
Great Falls Voyagers batting - Pitching for Fargo Brewmasters : RHP Carlos Zuniga
Batting: RHB Anthony Notaroberto 0-0: Foul Ball, location: 2F
0-1: Ground out 6-3 (Groundball, 6, EV 108.1 MPH)
Batting: RHB Harvey Wilkerson 0-0: Ground out 5-3 (Groundball, 56, EV 90.6 MPH)
Batting: LHB Jose Fernandez 0-0: Ball
1-0: Ground out 5-3 (Groundball, 56, EV 104.4 MPH)
Bottom of the 4th over - 0 runs, 0 hits, 0 errors, 0 left on base; Fargo 1 - Great Falls 5
TOP OF THE 5TH
Fargo Brewmasters batting - Pitching for Great Falls Voyagers : LHP Paul Cherry
Batting: RHB Adolph Crump 0-0: Foul Ball, location: 2F
0-1: Ball
1-1: DOUBLE (Line Drive, 9D, EV 96.3 MPH)
Batting: RHB Randall Thorpe 0-0: Called Strike
0-1: Ground out 6-3 (Groundball, 56, EV 105.0 MPH)
Batting: SHB Angel Escobar 0-0: Ball
1-0: Foul Ball, location: 2F
1-1: Ball
2-1: Called Strike
Adolph Crump steals 3rd, throwing error, E2
Adolph Crump scores
2-2: Ball
3-2: SINGLE (Line Drive, 34D, EV 107.5 MPH)
Batting: LHB Victor Fernandez 0-0: Fielders Choice at 2nd, 4-6 (Groundball, 34, EV 103.8 MPH)
Batting: RHB Forace Oxendine 0-0: Ball
1-0: Ball
2-0: Called Strike
2-1: Swinging Strike
2-2: Foul Ball, location: 2F
2-2: Strikes out swinging
Top of the 5th over - 1 run, 2 hits, 1 error, 1 left on base; Fargo 2 - Great Falls 5
BOTTOM OF THE 5TH
Great Falls Voyagers batting - Pitching for Fargo Brewmasters : RHP Carlos Zuniga
Batting: LHB Juan Villaescusa 0-0: Ball
1-0: Called Strike
1-1: Called Strike
1-2: Ball
2-2: Foul Ball, location: 2F
2-2: Foul Ball, location: 2F
2-2: Foul Ball, location: 2F
2-2: Foul Ball, location: 2F
2-2: Fly out, F7 (Flyball, 7, EV 90.6 MPH)
Batting: RHB Johnny Paredes 0-0: Ball
1-0: Called Strike
1-1: Called Strike
1-2: Foul Ball, location: 2F
1-2: Ground out 4-3 (Groundball, 4, EV 79.4 MPH)
Batting: RHB Jose Gomez 0-0: Ball
1-0: Fly out, F8 (Flyball, 8RXD, EV 105.0 MPH)
Bottom of the 5th over - 0 runs, 0 hits, 0 errors, 0 left on base; Fargo 2 - Great Falls 5
TOP OF THE 6TH
Fargo Brewmasters batting - Pitching for Great Falls Voyagers : LHP Paul Cherry
Batting: RHB Dick E Scott 0-0: Ball
1-0: Ball
2-0: Fly out, F8 (Flyball, 8RD, EV 88.1 MPH)
Batting: RHB Gus Polidor 0-0: Ball
1-0: DOUBLE (Line Drive, 9LS, EV 110.0 MPH)
Batting: RHB Juan Picart 0-0: Ground out 5-3 (Groundball, 56, EV 83.8 MPH)
Batting: SHB Elton Hooker 0-0: Ground out 5-3 (Groundball, 5, EV 82.5 MPH)
Top of the 6th over - 0 runs, 1 hit, 0 errors, 1 left on base; Fargo 2 - Great Falls 5
BOTTOM OF THE 6TH
Great Falls Voyagers batting - Pitching for Fargo Brewmasters : RHP Carlos Zuniga
Batting: SHB John Kanter 0-0: Ball
1-0: Swinging Strike
1-1: Swinging Strike
1-2: Ball
2-2: DOUBLE (Groundball, 5L, EV 100.6 MPH)
Batting: SHB Gerald Young 0-0: Foul Ball, location: 2F
0-1: Ball
1-1: Called Strike
1-2: Ball
2-2: Foul Ball, location: 2F
2-2: Ball
3-2: Base on Balls
Pitching: RHP Dennis Miller
Batting: LHB John Yari 0-0: Ball
1-0: SINGLE (Groundball, 34D, EV 110.6 MPH)
John Kanter to third
Gerald Young to second
Batting: RHB Anthony Notaroberto 0-0: Called Strike
0-1: DOUBLE (Line Drive, 5D, EV 101.9 MPH)
John Kanter scores
Gerald Young scores
John Yari to third
Runner from 3rd tries for Home, throw by LF and OUT! 7-6-2
Batting: RHB Harvey Wilkerson 0-0: Ball
1-0: SINGLE (Groundball, 4MD, EV 94.4 MPH)
Anthony Notaroberto to third
Runner from 3rd tries for Home, SAFE, throw by CF to home
Batting: LHB Jose Fernandez 0-0: Foul Ball, location: 2F
0-1: Ball
1-1: Fielders Choice at 2nd, 3-6 (Groundball, 34, EV 88.8 MPH)
Batting: LHB Juan Villaescusa 0-0: Foul Ball, location: 2F
0-1: SINGLE (Flyball, 7LS, EV 89.4 MPH)
Jose Fernandez to second
Batting: RHB Johnny Paredes 0-0: Swinging Strike
0-1: Swinging Strike
0-2: Foul Ball, location: 2F
0-2: Ball
1-2: Ball
2-2: Strikes out looking
Bottom of the 6th over - 3 runs, 5 hits, 0 errors, 2 left on base; Fargo 2 - Great Falls 8
TOP OF THE 7TH
Fargo Brewmasters batting - Pitching for Great Falls Voyagers : LHP Paul Cherry
Batting: RHB Adolph Crump 0-0: Called Strike
0-1: Foul Ball, location: 2F
0-2: Ball
1-2: Ball
2-2: Strikes out swinging
Batting: RHB Randall Thorpe 0-0: Called Strike
0-1: Fly out, F8 (Flyball, 8RM, EV 91.9 MPH)
Batting: SHB Angel Escobar 0-0: Called Strike
0-1: Ball
1-1: Called Strike
1-2: Ball
2-2: Strikes out swinging
Top of the 7th over - 0 runs, 0 hits, 0 errors, 0 left on base; Fargo 2 - Great Falls 8
BOTTOM OF THE 7TH
Great Falls Voyagers batting - Pitching for Fargo Brewmasters : RHP Dennis Miller
Batting: RHB Jose Gomez 0-0: Called Strike
0-1: Ball
1-1: Ball
2-1: Called Strike
2-2: Foul Ball, location: 2F
2-2: Foul Ball, location: 2F
2-2: SINGLE (Flyball, 4D, EV 90.0 MPH)
Batting: SHB John Kanter 0-0: Called Strike
0-1: Ball
1-1: Grounds into double play, 5-4-3 (Groundball, 56S, EV 81.3 MPH)
Batting: SHB Gerald Young 0-0: Ball
1-0: Ball
2-0: Ball
3-0: Called Strike
3-1: DOUBLE (Line Drive, 7LS, EV 101.3 MPH)
Batting: LHB John Yari 0-0: Swinging Strike
0-1: Ball
1-1: Swinging Strike
1-2: Ball
2-2: Foul Ball, location: 2F
2-2: Ball
3-2: Strikes out swinging
Bottom of the 7th over - 0 runs, 2 hits, 0 errors, 1 left on base; Fargo 2 - Great Falls 8
TOP OF THE 8TH
Fargo Brewmasters batting - Pitching for Great Falls Voyagers : LHP Paul Cherry
Batting: LHB Victor Fernandez 0-0: Called Strike
0-1: Ground out 3-1 (Groundball, 34, EV 109.4 MPH)
Batting: RHB Forace Oxendine 0-0: Ball
1-0: Ball
2-0: Fly out, F8 (Line Drive, 8RM, EV 105.0 MPH)
Batting: RHB Dick E Scott 0-0: Swinging Strike
0-1: Foul Ball, location: 2F
0-2: Ball
1-2: Ball
2-2: Ball
3-2: Strikes out swinging
Top of the 8th over - 0 runs, 0 hits, 0 errors, 0 left on base; Fargo 2 - Great Falls 8
BOTTOM OF THE 8TH
Great Falls Voyagers batting - Pitching for Fargo Brewmasters : RHP Dennis Miller
Batting: RHB Anthony Notaroberto 0-0: Reached on error, E5 (Groundball, 5S, EV 87.5 MPH)
Batting: RHB Harvey Wilkerson 0-0: Ball
1-0: Called Strike
1-1: Grounds into double play, 6-4-3 (Groundball, 6, EV 85.0 MPH)
Batting: LHB Jose Fernandez 0-0: Ball
1-0: Foul Ball, location: 2F
1-1: Ball
2-1: Called Strike
2-2: Fly out, F6 (Line Drive, 6, EV 68.1 MPH)
Bottom of the 8th over - 0 runs, 0 hits, 1 error, 0 left on base; Fargo 2 - Great Falls 8
TOP OF THE 9TH
Fargo Brewmasters batting - Pitching for Great Falls Voyagers : LHP Paul Cherry
Pitching: RHP Libardo Villalba
Batting: RHB Gus Polidor 0-0: Ball
1-0: Foul Ball, location: 2F
1-1: Ball
2-1: Ball
3-1: SINGLE (Flyball, 7LS, EV 90.0 MPH)
Batting: RHB Juan Picart 0-0: Ball
1-0: Ball
2-0: Called Strike
2-1: Foul Ball, location: 2F
2-2: Ball
3-2: Foul Ball, location: 2F
3-2: SINGLE (Groundball, 34D, EV 95.0 MPH)
Gus Polidor to second
Batting: SHB Elton Hooker 0-0: Fly out, F7 (Flyball, 7LM, EV 76.9 MPH)
Batting: RHB Adolph Crump 0-0: Foul Ball, location: 2F
0-1: Ball
1-1: Swinging Strike
1-2: Foul Ball, location: 2F
1-2: Fly out, F8 (Flyball, 8RM, EV 93.1 MPH)
Batting: RHB Randall Thorpe 0-0: Ball
1-0: SINGLE (Groundball, 4MD, EV 99.4 MPH)
Gus Polidor to third
Juan Picart to second
Batting: SHB Angel Escobar 0-0: Called Strike
0-1: Ball
1-1: SINGLE (Groundball, 6MD, EV 96.9 MPH)
Gus Polidor scores
Juan Picart to third
Randall Thorpe to second
Batting: LHB Victor Fernandez 0-0: Ball
1-0: Fly out, F4 (Popup, 4, EV 56.3 MPH)
Top of the 9th over - 1 run, 4 hits, 0 errors, 3 left on base; Fargo 3 - Great Falls 8
Monday, August 24th, 2020 - OOTP Baseball 21.5 Build 76